 Dungeon Crawl Stone Soup version 0.17-a0-1210-g1e4f09d (webtiles) character file.

112 Hanyuu the Chopper (level 4, -8/37 HPs)
             Began as a Hill Orc Gladiator on June 3, 2015.
             Mangled by a gnoll
             ... wielding a +0 flail
              (11 damage)
             ... on level 2 of the Dungeon.
             The game lasted 00:03:56 (2259 turns).

Hanyuu the Chopper (Hill Orc Gladiator)             Turns: 2259, Time: 00:03:57

Health: -8/37      AC:  4    Str: 17    XL:     4   Next: 95%
Magic:  4/4        EV: 12    Int:  9    God:
Gold:   123        SH:  0    Dex: 11    Spells: 0 memorised, 3 levels left

rFire  . . .     SeeInvis .     a - +0 war axe
rCold  . . .     Clarity  .     b - +0 leather armour
rNeg   . . .     SustAt   .     (no shield)
rPois  .         Gourm    .     e - +0 helmet
rElec  .         Spirit   .     (no cloak)
rCorr  .         Warding  .     (no gloves)
rMut   .         Stasis   .     (no boots)
MR     .....                    (no amulet)
Stlth  +.........               (no ring)
                                (no ring)

@: not resistant to hostile enchantments, very unstealthy
A: no striking features
a: no special abilities


You were on level 2 of the Dungeon.
You were not hungry.

You visited 1 branch of the dungeon, and saw 2 of its levels.

You collected 123 gold pieces.

Inventory:

Hand weapons
 a - a +0 war axe (weapon)
 o - a +0 war axe
Missiles
 d - 3 throwing nets (quivered)
Armour
 b - a +0 leather armour (worn)
 e - a +0 helmet (worn)
 l - a +0 ring mail
Scrolls
 f - a scroll of blinking {unknown}
 g - 8 scrolls of identify {unknown}
 i - 2 scrolls of amnesia {unknown}
 k - 4 scrolls of immolation {unknown}
 p - a scroll of enchant weapon {unknown}
 q - a scroll of enchant armour {unknown}
Potions
 h - a potion of resistance {unknown}
Comestibles
 c - a bread ration
 j - 3 meat rations
 n - a slice of pizza
 r - 2 fruits


   Skills:
 + Level 2.6 Fighting
 * Level 7.1 Axes
 - Level 2.0 Throwing
 - Level 2.4 Dodging


You had 3 spell levels left.
You didn't know any spells.

Dungeon Overview and Level Annotations

Branches:
Dungeon (2/15)

Altars:
Xom


Message History

The gnoll burns you.
* * * LOW HITPOINT WARNING * * *
The gnoll barely misses you.
All of the chunks of flesh in your inventory have rotted away.
You slash the gnoll!
The gnoll is severely wounded.
The gnoll completely misses you.
You barely miss the gnoll.
The gnoll is severely wounded.
The gnoll hits you with a spear of flaming!
* * * LOW HITPOINT WARNING * * *
The gnoll burns you.
* * * LOW HITPOINT WARNING * * *
You hit the gnoll.
You kill the gnoll!
You barely miss the gnoll. The gnoll closely misses you.
You hit the gnoll.
The gnoll is lightly wounded.
The gnoll hits you with a flail!
You die...

......# #..# #.#
#....##.##. #######
#..###.#######..##....
#................####.
#.###.......##...####.
#.......###.##...(....
#####.### #...).....#.
#.# #........... #.#
#.........#. # #@#
####........ #
#g########.......# #
#g..ggg..†....####
###########
###########.#.# .
.....>....# ###
#.#...#. #########.#
##.######### #.#.#...
#.###.#........)
....g.#.
#.##.###..##### #####
# ##### #...## ##.#


You could see 2 gnolls.

Vanquished Creatures
  2 adders (D:2)
  5 gnolls
  2 worms (D:2)
  A giant gecko (D:1)
  4 bats (D:1)
  2 giant cockroaches
  4 goblins
  4 hobgoblins
  5 jackals
  6 kobolds
  3 giant newts
  5 rats
43 creatures vanquished.

Notes
Turn   | Place    | Note
--------------------------------------------------------------
     0 | D:1      | Hanyuu the Hill Orc Gladiator began the quest for the Orb.
     0 | D:1      | Reached XP level 1. HP: 18/18 MP: 1/1
   394 | D:1      | Reached XP level 2. HP: 25/25 MP: 2/2
   606 | D:1      | Reached skill level 5 in Axes
   884 | D:2      | Reached XP level 3. HP: 22/30 MP: 3/3
  1467 | D:2      | Reached skill level 6 in Axes
  1710 | D:1      | Reached XP level 4. HP: 23/37 MP: 4/4
  2175 | D:2      | Found a shimmering altar of Xom.
  2175 | D:2      | Found a shimmering altar of Xom.
  2239 | D:2      | Reached skill level 7 in Axes
  2259 | D:2      | Mangled by a gnoll

Vault maps used:
D:1:      sevenhm_arrival_forest_fort_small_6
D:2:      serial_glass, glass_columns_a, glass_columns_b, first_bread,
          xom_redecorated

Action                   |  1- 3 |  4- 6 || total
-------------------------+-------+-------++-------
Melee: War axe           |   102 |    42 ||   144
Throw: Throwing net      |     1 |       ||     1
 Stab: Held in net/web   |     1 |       ||     1
  Eat: Chunk             |     3 |     1 ||     4
